 Dungeon Crawl Stone Soup version 0.31-a0-851-g7ff8af7976 (webtiles) character file.

Game seed: 15152609513535493940

14 javelincjr the Caller (level 2, -2/15 HPs)
             Began as a Tengu Summoner on Oct 5, 2023.
             Slain by a quokka (4 damage)
             ... on level 1 of the Dungeon.
             The game lasted 00:02:16 (290 turns).

javelincjr the Caller (Tengu Summoner)               Turns: 290, Time: 00:02:16

Health: -2/15      AC:  2    Str:  8    XL:     2   Next: 41%
Magic:  6/6        EV: 12    Int: 15    God:
Gold:   4          SH:  0    Dex: 14    Spells: 4/5 levels left

rFire   . . .        (no weapon)
rCold   . . .        (no shield)
rNeg    . . .        a - +0 robe
rPois   .            (helmet restricted)
rElec   .            (no cloak)
rCorr   .            (no gloves)
SInv    .            (boots unavailable)
Will    .....        (no amulet)
Stlth   ++           (no ring)
HPRegen 0.22/turn    (no ring)
MPRegen 0.10/turn

%: acrobat
@: no status effects
A: beak, talons 3, acrobatic
a: no special abilities


You were on level 1 of the Dungeon.
You visited 1 branch of the dungeon, and saw 1 of its levels.

You collected 4 gold pieces.

Inventory:

Missiles
 f - 7 stones
 g - 2 throwing nets
Armour
 a - a +0 robe (worn)
 d - a scarf of harm
Scrolls
 e - a scroll of immolation {unknown}
Potions
 b - a potion of magic
 c - a potion of enlightenment {unknown}


   Skills:
 + Level 2.4 Dodging
 + Level 2.3 Stealth
 + Level 2.2 Spellcasting
 + Level 5.0 Summonings


You had 4 spell levels left.
You knew the following spells:

 Your Spells              Type           Power      Damage    Failure   Level
a - Summon Small Mammal   Summ           64%        N/A       2%          1

Your spell library contained the following spells:

 Spells                   Type           Power      Damage    Failure   Level
 Call Imp                 Summ           32%        N/A       4%          2
 Call Canine Familiar     Summ           16%        N/A       9%          3
 Summon Guardian Golem    Hex/Summ       9%         N/A       24%         3
 Summon Lightning Spire   Summ/Air       9%         N/A       61%         4


Dungeon Overview and Level Annotations

Branches:
Dungeon (1/15)

Altars:


Innate Abilities, Weirdness & Mutations

You have a beak for a mouth.
You have claws for feet.
You can magically evade attacks while moving or waiting.


Message History

The bat barely misses your bat.
Your bat closely misses the quokka.
The quokka closely misses you. The bat closely misses your bat.
You miss the bat.
The bat is severely wounded.
Your bat hits the bat.
The bat dies!
The quokka barely misses you.
You barely miss the quokka. You peck the quokka.
The quokka is moderately wounded.
Your bat hits the quokka but does no damage.
The quokka bites you.
Your quokka bites the quokka.
The quokka bites you.
You are too injured to fight recklessly!
You are too injured to fight recklessly!
You hit the quokka but do no damage. You claw the quokka.
The quokka is severely wounded.
Your bat hits the quokka but does no damage.
Your quokka bites the quokka but does no damage.
The quokka misses you.
Your bat closely misses the quokka.
You closely miss the quokka. Your peck misses the quokka.
The quokka is heavily wounded.
Your bat closely misses the quokka.
Your bat hits the quokka.
Your quokka closely misses the quokka.
The quokka closely misses you.
Your quokka closely misses the quokka.
You hit the quokka but do no damage. You claw the quokka, but do no damage.
Your peck misses the quokka.
The quokka is severely wounded.
Your bat closely misses the quokka.
The quokka bites you.
Your quokka bites the quokka.
You closely miss the quokka.
The quokka is almost dead.
The quokka bites you.
* * * LOW HITPOINT WARNING * * *
Your quokka barely misses the quokka.
Your bat barely misses the quokka.
You hit the quokka but do no damage. You claw the quokka, but do no damage.
Your peck misses the quokka.
The quokka is almost dead.
Your quokka disappears in a puff of smoke!
Your bat hits the quokka but does no damage.
The quokka bites you.
You die...

# # #.# # # #.# # #.
#.# #######
###.###.##### .......
$...........# ###.###
####.......#.#
###.####†.......r....#
.........# #...§@b.#
###.###..# ##......# #
#.# #..# #.##.### #
#.###..# #.##.# .
....#†.# ##.##.# #
#.#.#..###...#.# #
#.#............#
###.###..###...###
.........# ##.##


You could see a quokka (ally target) and a friendly bat (summoned).

Vanquished Creatures
  A giant cockroach (D:1)
  A ball python (D:1)
2 creatures vanquished.

Vanquished Creatures (collateral kills)
  A hobgoblin (D:1)
  4 jackals (D:1)
  2 quokkas (D:1)
  A bat (D:1)
  2 rats (D:1)
10 creatures vanquished.

Grand Total: 12 creatures vanquished

Notes
Turn   | Place    | Note
-------+----------+-------------------------------------------
     0 | D:1      | javelincjr the Tengu Summoner began the quest for the Orb.
     0 | D:1      | Reached XP level 1. HP: 10/10 MP: 4/4
   147 | D:1      | Reached XP level 2. HP: 13/15 MP: 3/6
   148 | D:1      | Reached skill level 5 in Summonings
   290 | D:1      | Slain by a quokka

Illustrated notes

Levels and vault maps discovered:
D:1:      lemuel_arrival_behind_the_door_small, layout_loops_ring

Skill      XL: |  1  2 |
---------------+-------+-----
Summonings     | 5 |  5.0
Dodging        | |  2.4
Stealth        | |  2.3
Spellcasting   | |  2.2

Action                     || total
---------------------------++-------
  Melee: Unarmed           ||    23
         Kick              ||     6
         Peck              ||     2
   Cast: Summon Small Mamm ||    12
 Armour: Robe              ||    20
  Dodge: Dodged            ||    22

Table legend: (Time is in decaauts)
 A = Elapsed time spent in this place.
 B = Non-inter-level travel time spent in this place.
 C = Inter-level travel time spent in this place.
 D = Time resting spent in this place.
 E = Time spent auto-exploring this place.
 F = Levels seen in this place.
 G = Mean time per level.
                   A        B        C        D        E       F      G
               +--------+--------+--------+--------+--------+-----+--------+
         Total |    290 |    290 |      0 |      0 |    179 |   1 |  290.0 |
       Dungeon |    290 |    290 |      0 |      0 |    179 |   1 |  290.0 |
               +--------+--------+--------+--------+--------+-----+--------+

Top non-repeatable levels by time:
     D:1: 290 daAuts
